 Dungeon Crawl Stone Soup version 0.28.0-43-g3370ac3207 (webtiles) character file.

Game seed: 15529276448663190151

9 experimilk the Sneak (level 2, -5/19 HPs)
             Began as a Tengu Delver on Mar 5, 2022.
             Slain by a gnoll
             ... wielding a +0 halberd
              (14 damage)
             ... on level 5 of the Dungeon.
             The game lasted 00:00:53 (29 turns).

experimilk the Sneak (Tengu Delver)                   Turns: 29, Time: 00:00:54

Health: -5/19      AC:  3    Str: 12    XL:     2   Next: 16%
Magic:  3/3        EV: 12    Int: 10    God:
Gold:   0          SH:  0    Dex: 15    Spells: 1/1 levels left

rFire   . . .      SeeInvis .     - Unarmed
rCold   . . .      Faith    .   (no shield)
rNeg    . . .      Spirit   .   a - +0 leather armour
rPois   .          Reflect  .   (helmet restricted)
rElec   .          Harm     .   (no cloak)
rCorr   .          Rampage  .   (no gloves)
Will    .....                   (boots unavailable)
Stlth   +++.......              (no amulet)
HPRegen 0.06/turn               (no ring)
MPRegen 0.08/turn               (no ring)

@: no status effects
A: beak, talons 3
a: no special abilities


You were on level 5 of the Dungeon.
You visited 1 branch of the dungeon, and saw 1 of its levels.

Inventory:

Armour
 a - a +0 leather armour (worn)
Wands
 f - a wand of digging (3)
Scrolls
 b - a scroll of fog
 c - a scroll of magic mapping
 d - a scroll of fear
Potions
 e - a potion of haste


   Skills:
 - Level 3.0 Fighting
 - Level 2.1 Dodging
 - Level 5.0 Stealth
 * Level 3.1 Unarmed Combat


You had one spell level left.
You didn't know any spells.
Your spell library was empty.

Dungeon Overview and Level Annotations

Branches:
Dungeon (5/15)
 Temple: D:4-7

Altars:


Innate Abilities, Weirdness & Mutations

You have a beak for a mouth.
You have claws for feet.


Message History

You hear the sound of rushing water.
There is an entrance to a sewer on this level.
Hurry and find it before the portal rusts away!
Welcome back, experimilk the Tengu Delver.
Press ? for a list of commands and other information.
You hear the sound of rushing water.
There is an entrance to a sewer on this level.
Hurry and find it before the portal rusts away!
Welcome back, experimilk the Tengu Delver.
Press ? for a list of commands and other information.
There is a stone staircase leading down here.
A gnoll comes into view. It is wielding a +0 spear.
The gnoll shouts!
You hear a shout!
A gnoll comes into view. It is wielding a +0 whip.
The gnoll moves out of view.
You hear a shout!
A gnoll comes into view. It is wielding a +0 halberd.
A gnoll comes into view. It is wielding a +1 whip of draining.
There is a stone staircase leading down here.
Found a stone staircase leading up.
You see here a scroll labelled FEANEO LEANO.
There is a stone staircase leading up here.
There is a stone staircase leading up here.
You hit the gnoll. You claw the gnoll. You peck the gnoll.
The gnoll is almost dead.
The gnoll hits you but does no damage.
You hit the gnoll.
You kill the gnoll!
Your Unarmed Combat skill increases to level 3!
You have reached level 2!
The gnoll closely misses you.
Things that are here:
a +0 whip; a gnoll corpse You hit the gnoll.
You peck the gnoll.
The gnoll is heavily wounded.
The gnoll hits you with a +0 halberd!
Ouch! That really hurt!
You hit the gnoll. You claw the gnoll, but do no damage.
The gnoll is severely wounded.
The gnoll hits you with a +0 halberd!
Ouch! That really hurt!
You die...

#.# #.# #.# #g# #.# #.#
#.#
...############g######.
#......<.@gg..?.......
######################


You could see 3 gnolls.

Vanquished Creatures
  A gnoll (D:5)
1 creature vanquished.

Notes
Turn   | Place    | Note
-------+----------+-------------------------------------------
     0 | D:5      | experimilk the Tengu Delver began the quest for the Orb.
     0 | D:5      | Reached XP level 1. HP: 14/14 MP: 2/2
    27 | D:5      | Reached XP level 2. HP: 19/19 MP: 3/3
    29 | D:5      | Slain by a gnoll

Illustrated notes

Levels and vault maps discovered:
D:5:      layout_loops_ring, lemuel_coloured_pillars_altar,
          portal_sewer_entry_e, dk_noncrumbling_2, uniq_prince_ribbit1,
          uniq_eustachio

Skill      XL: |  1 |
---------------+----+-----
Unarmed Combat | 3 |  3.1
Fighting       | |  3.0
Dodging        | |  2.1
Stealth        | |  5.0

Action                   || total
-------------------------++-------
Melee: Unarmed           ||     4
       Kick              ||     2
       Peck              ||     2
Armor: Leather armour    ||     1
Dodge: Dodged            ||     1
